 Dungeon Crawl Stone Soup version 0.30.1 (webtiles) character file.

Game seed: 4008426601795897759

4670 Bnni the Severer (level 10, 0/88 HPs)
             Began as a Hill Orc Monk on July 7, 2023.
             Slain by a two-headed ogre
             ... wielding a +0 giant spiked club
              (20 damage)
             ... on level 8 of the Dungeon.
             The game lasted 00:15:03 (7107 turns).

Bnni the Severer (Hill Orc Monk)                    Turns: 7107, Time: 00:15:04

Health: 0/88       AC: 16    Str: 19    XL:     10   Next: 44%
Magic:  10/10      EV:  5    Int: 10    God:
Gold:   433        SH: 11    Dex: 13    Spells: 9/9 levels left

rFire   . . .        k - +0 war axe
rCold   . . .        v - +0 kite shield
rNeg    . . .        z - +0 plate armour
rPois   .            A - +0 helmet
rElec   .            (no cloak)
rCorr   .            (no gloves)
SInv    .            p - +1 pair of boots
Will    ++...        m - amulet of regeneration Stlth
                     q - ring of willpower
HPRegen 1.14/turn    a - ring of willpower
MPRegen 0.12/turn

%: no passive effects
@: no status effects
A: no striking features
a: no special abilities


You were on level 8 of the Dungeon.
You visited 1 branch of the dungeon, and saw 8 of its levels.
You also visited: Bailey.

You collected 433 gold pieces.

Inventory:

Hand Weapons
 k - a +0 war axe (weapon)
Missiles
 D - 11 poisoned darts
 E - 2 boomerangs (quivered)
Armour
 i - an orb of light
 p - a +1 pair of boots (worn)
 v - a +0 kite shield (worn)
 z - a +0 plate armour (worn)
 A - a +0 helmet (worn)
 I - a +1 scale mail of poison resistance
Jewellery
 a - a ring of willpower (right hand)
 m - an amulet of regeneration (around neck)
 q - a ring of willpower (left hand)
Wands
 d - a wand of iceblast (21)
 r - a wand of flame (14)
Scrolls
 e - a scroll of enchant weapon {unknown}
 g - 3 scrolls of fear {unknown}
 h - a scroll of vulnerability
 o - 2 scrolls of magic mapping {unknown}
 u - 3 scrolls of amnesia {unknown}
 w - 3 scrolls of teleportation
 y - a scroll of fog {unknown}
 B - 2 scrolls of immolation
Potions
 b - a potion of heal wounds
 c - 4 potions of ambrosia
 f - 5 potions of curing
 j - 2 potions of flight
 l - a potion of mutation
 n - 3 potions of magic
 s - a potion of lignification
 C - a potion of degeneration {unknown}
 F - a potion of invisibility {unknown}
 H - a potion of resistance {unknown}
Miscellaneous
 x - a phial of floods (inert)


   Skills:
 + Level 8.3 Fighting
 - Level 16.0 Axes
 + Level 6.4 Armour
 - Level 2.4 Dodging
 + Level 8.9 Shields


You had 9 spell levels left.
You didn't know any spells.
Your spell library contained the following spells:

 Spells                   Type           Power      Damage    Failure   Level
 Magic Dart               Conj           0%         1d3       100%        1
 Blink                    Tloc           0%         N/A       100%        2
 Call Imp                 Summ           0%         N/A       100%        2
 Mephitic Cloud           Conj/Pois/Air  0%         N/A       100%        3
 Manifold Assault         Tloc           0%         N/A       100%        4
 Passage of Golubria      Tloc           0%         N/A       100%        4
 Silence                  Hex/Air        0%         N/A       100%        5
 Storm Form               Tmut/Air       0%         N/A       100%        7
 Lehudib's Crystal Spear  Conj/Erth      0%         10d2      100%        8


Dungeon Overview and Level Annotations

Branches:
Dungeon (8/15)             Temple (0/1) D:7          Bailey (visited)
   Lair: D:8-11

Altars:
Qazlal
Xom

Shops:
D:6 (


Message History

You hit the two-headed ogre.
The two-headed ogre is lightly wounded.
The two-headed ogre hits you with a +0 giant spiked club.
You block the two-headed ogre's attack.
You hit the two-headed ogre.
The two-headed ogre is lightly wounded.
You block the two-headed ogre's attack.
The two-headed ogre hits you with a +0 giant spiked club!!
You hit the two-headed ogre.
The two-headed ogre is lightly wounded.
You slash the two-headed ogre!
The two-headed ogre is heavily wounded.
The two-headed ogre looks more healthy.
The two-headed ogre hits you with a +0 giant spiked club!!
The two-headed ogre hits you with a +0 giant spiked club!
* * * LOW HITPOINT WARNING * * *
Unknown command.
You feel much better.
You barely miss the two-headed ogre.
The two-headed ogre is heavily wounded.
You block the two-headed ogre's attack.
The two-headed ogre hits you with a +0 giant spiked club!
Unknown command.
Aim the phial where?
Press: ? - help, Shift-Dir - straight line, f/p - two-headed ogre
Aim: a two-headed ogre, wielding two +0 giant spiked clubs (heavily wounded)
The torrent of water hits the two-headed ogre!
The two-headed ogre is severely wounded.
The two-headed ogre is engulfed in water.
The wave splashes down.
Splash!
You fall into the shallow water.
Moving in this stuff is going to be slow.
You hear a shout!
The two-headed ogre attacks as you move away!
The two-headed ogre hits you but does no damage.
The two-headed ogre hits you with a +0 giant spiked club!
* * * LOW HITPOINT WARNING * * *
The two-headed ogre hits you with a +0 giant spiked club!!
You die...

# ..
##################
♣.♣♣♣.♣
♣$...................
..♣...♣..
#######.##.####### ..
♣... #.##.# #
♣♣.♣♣♣.♣ ♣# #.##.#
...♣...♣. #.##.#
♣...♣.~########.##.#
♣♣z♣♣♣(zO@......##.#
♣...♣.~###########.#
♣...♣..#.# ♣♣[♣♣♣.#.#
♣.. ♣.##.# ## ####.#
#.# #.# #.#


You could see a two-headed ogre (waterlogged) and a wight.

Vanquished Creatures
  An orc knight (Bailey)
  A deep elf pyromancer (Bailey)
  A water moccasin (D:7)
  6 orc warriors (Bailey)
  2 ice beasts
  A black bear (D:5)
  4 ogres
  2 phantoms
  A kobold brigand (D:6)
  2 scorpions (D:5)
  2 hounds
  2 sleepcaps (D:6)
  Jessica (D:3)
  3 iguanas
  4 orc wizards
  Natasha (D:2)
  7 adders
  4 white imps
  2 ufetubi (D:6)
  2 dart slugs
  22 orcs
  7 ball pythons
  6 bats
  6 endoplasms
  5 giant cockroaches
  11 goblins
  9 hobgoblins
  16 kobolds
  5 quokkas
  3 frilled lizards
  4 rats
143 creatures vanquished.

Vanquished Creatures (others)
  5 dream sheep (D:3)
5 creatures vanquished.

Grand Total: 148 creatures vanquished

Notes
Turn   | Place    | Note
-------+----------+-------------------------------------------
     0 | D:1      | Bnni the Hill Orc Monk began the quest for the Orb.
     0 | D:1      | Reached XP level 1. HP: 19/19 MP: 1/1
   146 | D:1      | Reached XP level 2. HP: 27/27 MP: 2/2
   302 | D:1      | Reached skill level 5 in Axes
   326 | D:1      | Reached XP level 3. HP: 33/33 MP: 3/3
  1240 | D:2      | Noticed Natasha
  1276 | D:2      | Killed Natasha
  1277 | D:2      | Reached XP level 4. HP: 10/41 MP: 4/4
  1522 | D:2      | Reached skill level 6 in Axes
  1607 | D:2      | Found a faded altar of an unknown god.
  1607 | D:2      | Noticed a soul eater
  1946 | D:3      | Found a stormy altar of Qazlal.
  2087 | D:3      | Noticed a dream sheep
  2087 | D:3      | Noticed a dream sheep
  2087 | D:3      | Noticed a dream sheep
  2087 | D:3      | Noticed a dream sheep
  2087 | D:3      | Noticed a dream sheep
  2087 | D:3      | Found a shimmering altar of Xom.
  2092 | D:3      | Killed a dream sheep
  2092 | D:3      | Killed a dream sheep
  2092 | D:3      | Killed a dream sheep
  2092 | D:3      | Killed a dream sheep
  2092 | D:3      | Killed a dream sheep
  2469 | D:3      | Reached XP level 5. HP: 47/47 MP: 5/5
  2549 | D:3      | Noticed Jessica
  2554 | D:3      | Killed Jessica
  2619 | D:3      | Reached skill level 5 in Fighting
  2936 | D:4      | Noticed a phantom
  2977 | D:4      | Killed a phantom
  2978 | D:4      | Reached skill level 7 in Axes
  2978 | D:4      | Reached skill level 1 in Shields
  2978 | D:4      | Reached XP level 6. HP: 40/56 MP: 6/6
  3714 | D:5      | Entered Level 5 of the Dungeon
  3977 | D:5      | Reached skill level 8 in Axes
  3977 | D:5      | Reached XP level 7. HP: 62/62 MP: 7/7
  4226 | D:5      | Reached skill level 9 in Axes
  4999 | D:6      | Found Leath's Weapon Emporium.
  5008 | D:6      | Reached XP level 8. HP: 62/71 MP: 8/8
  5926 | D:7      | Reached skill level 10 in Axes
  5968 | D:7      | Found a flagged portal.
  5973 | Bailey   | Entered a bailey
  6090 | Bailey   | HP: 1/73 [orc warrior/+0 spear (7)]
  6091 | Bailey   | Noticed an orc knight
  6100 | Bailey   | Found a large runed translucent door.
  6100 | Bailey   | Noticed a deep elf pyromancer
  6105 | Bailey   | Killed a deep elf pyromancer
  6106 | Bailey   | Reached skill level 11 in Axes
  6106 | Bailey   | Reached skill level 5 in Shields
  6106 | Bailey   | Reached XP level 9. HP: 48/80 MP: 9/9
  6106 | Bailey   | Found a large runed translucent door.
  6153 | Bailey   | Reached skill level 15 in Axes
  6153 | Bailey   | Reached XP level 10. HP: 88/88 MP: 10/10
  6288 | Bailey   | Killed an orc knight
  6728 | D:7      | Found a staircase to the Ecumenical Temple.
  7060 | D:8      | Reached skill level 16 in Axes
  7085 | D:8      | Noticed a two-headed ogre
  7107 | D:8      | Slain by a two-headed ogre

Illustrated notes

Levels and vault maps discovered:
D:1:      scummos_arrival_hexagon, layout_loops_ring, minmay_quantized
D:2:      layout_basic, dreamdust_ecumenical_altar_sealed_demon, uniq_natasha
D:3:      layout_loops_corners, kb_xom_exploding_sheep, lemuel_crystal_altar,
          uniq_jessica
D:4:      layout_gridville, st_stairs_8, corexii_shack
D:5:      layout_basic, water_boxes_lemuel
D:6:      layout_gridville, serial_glass, glass_columns_b, glass_columns_b,
          glass_columns_c, nicolae_stop_n_shop_2, minmay_strange_pillars
D:7:      layout_gridville, minmay_temple_entry_drinking_statues,
          enter_bailey_3, dk_noncrumbling_3
D:8:      minmay_diamond_stairs, layout_loops_ring, kennysheep_doodads

Skill      XL: |  1  2  3  4  5  6  7  8  9 10 |
---------------+-------------------------------+-----
Fighting       | 4 5 6 7 8 |  8.3
Axes           | 5 6 7 8 9 11 15 16 | 16.0
Shields        | 1 2 3 5 8 |  8.9
Armour         | 6 |  6.4
Dodging        | |  2.4

Action                     |  1- 3 |  4- 6 |  7- 9 | 10-12 || total
---------------------------+-------+-------+-------+-------++-------
  Melee: Hand axe          |   117 |   181 |    51 |       ||   349
         War axe           |       |       |   152 |   113 ||   265
  Throw: Dart              |       |       |     1 |    18 ||    19
  Evoke: Wand              |       |     7 |     6 |       ||    13
         Phial of floods   |       |       |     1 |     1 ||     2
    Use: Scroll            |       |     1 |     9 |       ||    10
         Potion            |       |       |     5 |     4 ||     9
   Stab: Paralysed         |       |    12 |     5 |       ||    17
 Armour: Robe              |     7 |       |       |       ||     7
         Chain mail        |    24 |    60 |       |       ||    84
         Leather armour    |     6 |       |       |       ||     6
         Plate armour      |       |    30 |   160 |    40 ||   230
         Skin              |       |       |       |     3 ||     3
  Dodge: Dodged            |    65 |    31 |    38 |     8 ||   142
  Block: Kite shield       |       |    35 |   104 |    55 ||   194
